 Dungeon Crawl Stone Soup version 0.27.1-34-g3ba077fa99 (webtiles) character file.

Game seed: 3447763305707996076

232 mcbry74 the Ruffian (level 5, -1/49 HPs)
             Began as a Troll Gladiator on Jan 30, 2022.
             Was a Follower of Uskayaw.
             Slain by Ijyb (8 damage)
             ... on level 3 of the Dungeon.
             The game lasted 00:08:12 (2163 turns).

mcbry74 the Ruffian (Troll Gladiator)               Turns: 2163, Time: 00:08:13

Health: -1/49      AC:  4    Str: 22    XL:     5   Next: 73%
Magic:  4/4        EV: 10    Int:  5    God:    Uskayaw [*.....]
Gold:   203        SH:  0    Dex: 11    Spells: 4/4 levels left

rFire    . . .     SeeInvis .     - Unarmed
rCold    . . .     Faith    .   (no shield)
rNeg     . . .     Spirit   .   a - +0 robe
rPois    .         Reflect  .   b - +0 hat
rElec    .         Harm     .   (no cloak)
rCorr    .         Rampage  .   (gloves unavailable)
Will     .....                  (boots unavailable)
Stlth    +.........             (no amulet)
HPRegen  1.16/turn              (no ring)
MPRegen  0.09/turn              (no ring)

@: no status effects
A: large, unfitting armour, claws 3, regeneration 1, shaggy fur 1, tough skin 1
a: Renounce Religion, Stomp


You were on level 3 of the Dungeon.
You worshipped Uskayaw.
Uskayaw was noncommittal.
You visited 1 branch of the dungeon, and saw 3 of its levels.

You collected 203 gold pieces.

Inventory:

Missiles
 c - 3 throwing nets (quivered)
 k - 32 poisoned darts
Armour
 a - a +0 robe (worn)
 b - a +0 hat (worn)
Jewellery
 g - an amulet of magic regeneration
Scrolls
 e - a scroll of enchant armour {unknown}
 f - 2 scrolls of teleportation {unknown}
 h - 2 scrolls of magic mapping {unknown}
 j - 2 scrolls of identify {unknown}
 n - a scroll of amnesia {unknown}
Potions
 d - 3 potions of flight {unknown}
 i - 2 potions of haste
 l - a potion of attraction {unknown}
 m - a potion of cancellation {unknown}
 o - a potion of curing {unknown}


   Skills:
 - Level 1.6 Fighting
 - Level 1.9 Throwing
 - Level 2.8 Dodging
 + Level 6.2 Unarmed Combat


You had 4 spell levels left.
You didn't know any spells.
Your spell library contained the following spells:

 Spells                   Type           Power      Damage    Failure   Level
 Portal Projectile        Hex/Tloc       0%         N/A       85%         3
 Blade Hands              Tmut           0%         N/A       100%        5
 Excruciating Wounds      Necr           0%         N/A       100%        5


Dungeon Overview and Level Annotations

Branches:
Dungeon (3/15)

Altars:
Uskayaw

Annotations:
D:3 Ijyb


Innate Abilities, Weirdness & Mutations

You are too large for most types of armour.
You have claws for hands.
Your natural rate of healing is unusually fast.
You are covered in fur. (AC +1)
You have tough skin. (AC +1)


Message History

Ijyb is moderately wounded.
Ijyb drinks a potion.
Ijyb seems to speed up.
You barely miss Ijyb.
Ijyb is moderately wounded.
Ijyb zaps a wand.
The puff of flame hits you!
You closely miss Ijyb.
Ijyb is moderately wounded.
Ijyb hits you with a +7 club! Ijyb hits you with a +7 club.
You miss Ijyb.
Ijyb is moderately wounded.
Ijyb hits you but does no damage.
You closely miss Ijyb.
Ijyb is moderately wounded.
Ijyb hits you with a +7 club!
You closely miss Ijyb.
Ijyb is moderately wounded.
Ijyb zaps a wand.
The puff of flame hits you!
You claw Ijyb!
Ijyb is heavily wounded.
Ijyb closely misses you. Ijyb hits you with a +7 club.
* * * LOW HITPOINT WARNING * * *
You closely miss Ijyb.
Ijyb is heavily wounded.
Ijyb hits you with a +7 club.
* * * LOW HITPOINT WARNING * * *
You scratch Ijyb but do no damage.
Ijyb is heavily wounded.
Ijyb barely misses you.
You closely miss Ijyb.
Ijyb is heavily wounded.
Ijyb hits you with a +7 club.
* * * LOW HITPOINT WARNING * * *
Ijyb barely misses you.
You scratch Ijyb but do no damage.
Ijyb is heavily wounded.
Ijyb hits you but does no damage.
You scratch Ijyb but do no damage.
Ijyb is heavily wounded.
Ijyb hits you with a +7 club!
You die...

###.# #.##.########.
#.######.##.###### #.
#......#.##......###.
######.#...>#)##.....
#....#.######..######
+....#.# #....##..#
#....#.#####....'....
#...g#.##..##..##....
#...@#.#....'#####..#
#....#.#....##[.)##'#
#......##..##.....##)
#......##'##.......+.
###...##..##)..8...##
#####....'†......##
#.)..##.....##.
##..#'##)[)##..
####..#####'..


You could see Ijyb (fast).

Vanquished Creatures
  A scorpion (D:3)
  A hound (D:2)
  Jessica (D:3)
  An iguana (D:3)
  3 adders (D:3)
  A white imp (D:3)
  A worm (D:2)
  2 dart slugs
  An orc (D:3)
  2 endoplasms
  3 giant cockroaches
  7 hobgoblins
  2 quokkas (D:3)
  2 ball pythons (D:3)
  8 bats
  3 frilled lizards
  6 goblins
  4 kobolds
  4 rats
53 creatures vanquished.

Vanquished Creatures (others)
  A fungus (D:2)
  3 plants (D:2)
4 creatures vanquished.

Grand Total: 57 creatures vanquished

Notes
Turn   | Place    | Note
-------+----------+-------------------------------------------
     0 | D:1      | mcbry74 the Troll Gladiator began the quest for the Orb.
     0 | D:1      | Reached XP level 1. HP: 19/19 MP: 0/0
   169 | D:1      | Reached XP level 2. HP: 27/27 MP: 1/1
   935 | D:2      | Reached skill level 4 in Unarmed Combat
   935 | D:2      | Reached XP level 3. HP: 30/35 MP: 2/2
  1197 | D:2      | Found a faded altar of an unknown god.
  1483 | D:3      | Reached XP level 4. HP: 42/42 MP: 3/3
  1495 | D:3      | Found a hide-covered altar of Uskayaw.
  1528 | D:3      | Became a worshipper of Uskayaw the Reveller
  1542 | D:3      | Reached * piety under Uskayaw
  1832 | D:3      | Noticed Jessica
  1835 | D:3      | Killed Jessica
  1835 | D:3      | Reached ** piety under Uskayaw
  1836 | D:3      | Reached skill level 5 in Unarmed Combat
  1961 | D:3      | Reached XP level 5. HP: 48/49 MP: 4/4
  1997 | D:3      | Reached skill level 6 in Unarmed Combat
  1998 | D:3      | Reached *** piety under Uskayaw
  2149 | D:3      | Noticed Ijyb
  2163 | D:3      | Slain by Ijyb

Illustrated notes

Levels and vault maps discovered:
D:1:      evilmike_arrival_crescent, layout_loops_ring, minmay_misc_feat_rugged
D:2:      layout_basic, shapermc_ecumenical_altar_acropolis, kennysheep_nub
D:3:      minmay_bubble_buster, layout_basic,
          nicolae_uskayaw_murder_on_the_dancefloor, uniq_ijyb, uniq_jessica

Skill      XL: |  1  2  3  4  5 |
---------------+----------------+-----
Unarmed Combat | 4 5 6 |  6.2
Fighting       | |  1.6
Throwing       | |  1.9
Dodging        | |  2.8

Action                   |  1- 3 |  4- 6 || total
-------------------------+-------+-------++-------
Melee: Unarmed           |    61 |    69 ||   130
       Punch             |     1 |     1 ||     2
 Stab: Sleeping          |     3 |       ||     3
Armor: Robe              |    22 |    13 ||    35
Dodge: Dodged            |    24 |    29 ||    53
